 Dungeon Crawl Stone Soup version 0.28.0-53-g5a82cb258f (webtiles) character file.

Game seed: 10659261800589654855

1250 Woods the Basher (level 8, -9/46 HPs)
             Began as a Gargoyle Fighter on May 25, 2022.
             Was a Believer of Ru.
             Killed from afar by Dowan (12 damage)
             ... with a stone arrow
             ... on level 4 of the Dungeon.
             The game lasted 00:07:43 (6473 turns).

Woods the Basher (Gargoyle Fighter)                 Turns: 6473, Time: 00:07:44

Health: -9/46      AC: 17    Str: 20    XL:     8   Next: 50%
Magic:  8/8        EV:  9    Int:  9    God:    Ru [**....]
Gold:   229        SH:  4    Dex: 11    Spells: 7/7 levels left

rFire   + . .      SeeInvis .   a - +0 flail
rCold   . . .      Faith    .   c - +0 buckler
rNeg    + . .      Spirit   .   o - +2 scale mail {rF+}
rPois   ∞          Reflect  .   e - +0 helmet
rElec   +          Harm     .   (no cloak)
rCorr   .          Rampage  .   l - +0 pair of gloves
Will    .....                   g - +0 pair of boots
Stlth   ..........              (no amulet)
HPRegen 0.15/turn               (no ring)
MPRegen 0.11/turn               (no ring)

@: no status effects
A: sickness immunity, AC +5, negative energy resistance 1, electricity
resistance, torment resistance 1, petrification resistance, inability to use
devices
a: Renounce Religion


You were on level 4 of the Dungeon.
You worshipped Ru.
Ru was pleased with you.
You visited 1 branch of the dungeon, and saw 4 of its levels.

You collected 229 gold pieces.

Inventory:

Hand Weapons
 a - a +0 flail (weapon)
Armour
 b - a +0 scale mail
 c - a +0 buckler (worn)
 e - a +0 helmet (worn)
 g - a +0 pair of boots (worn)
 l - a +0 pair of gloves (worn)
 o - a +2 scale mail of fire resistance (worn)
 r - a +0 plate armour
Wands
 i - a wand of polymorph (8)
 s - a wand of digging (2)
Scrolls
 f - a scroll of brand weapon
 h - 3 scrolls of identify
Potions
 k - a potion of ambrosia {unknown}
 m - 2 potions of attraction
 p - a potion of flight {unknown}
 q - a potion of heal wounds {unknown}
 t - a potion of curing {unknown}


   Skills:
 - Level 3.3 Fighting
 + Level 10.2 Maces & Flails
 - Level 3.3 Armour
 - Level 3.3 Shields


You had 7 spell levels left.
You didn't know any spells.
Your spell library contained the following spells:

 Spells                   Type           Power      Damage    Failure   Level
 Slow                     Hex            0%         N/A       83%         1


Dungeon Overview and Level Annotations

Branches:
Dungeon (4/15)
 Temple: D:4-7

Altars:
Gozag
Ru

Shops:
D:1 =   D:3 :

Annotations:
D:4 Dowan


Innate Abilities, Weirdness & Mutations

You are immune to sickness and miasma.
Your stone body is resilient. (AC +5)
You are immune to poison.
You resist negative energy. (rN+)
You are resistant to electric shocks. (rElec)
You are resistant to unholy torment.
You are immune to petrification.
You cannot study or use magical devices.


Message History

Duvessa hits you but does no damage.
You hit Duvessa.
Duvessa is severely wounded.
Duvessa barely misses you.
You hit Duvessa.
Duvessa is almost dead.
Duvessa hits you but does no damage.
You hit Duvessa but do no damage.
Duvessa is almost dead.
Duvessa barely misses you.
You barely miss Duvessa.
Duvessa is almost dead.
Duvessa hits you but does no damage.
You hit Duvessa.
Duvessa is almost dead.
Duvessa hits you with a +0 short sword.
You focus your inner power and blind Duvessa in retribution!
You closely miss Duvessa.
Duvessa is almost dead.
Duvessa hits you but does no damage.
You barely miss Duvessa.
Duvessa is almost dead.
Duvessa closely misses you.
You hit Duvessa.
Duvessa is almost dead.
You catch the helpless Duvessa completely off-guard!
You hit Duvessa.
You kill Duvessa!
Dowan screams, "No!
Oh no!"
Dowan seems to find hidden reserves of power!
Dowan casts a spell at you. The shard of ice hits you!
* * * LOW HITPOINT WARNING * * *
Your Maces & Flails skill increases to level 10!
Dowan gestures wildly while chanting.
Dowan blinks!
Dowan says, "Magic will overcome all!"
Dowan points at you and mumbles some strange words.
The stone arrow hits you!
You die...

#.# #.## ##..## ##....##
.... #......## ##
#.#.....####.......#...
#.......##..##e........
#.......#..####........
.##..........###@.......
..............).........
..###...#....####.......
.# #.........# #...... #
##.........#### ......
#..####...............
##..# ##....#####.....
.. ##..## #.####
##.......# ##.## #.# #.
#.##


You could see Dowan (fast).

Vanquished Creatures
  A hornet (D:4)
  Grinder (D:3)
  Eustachio (D:4)
  Duvessa (D:4)
  An ogre (D:4)
  4 wights (D:4)
  A gnoll shaman (D:3)
  An orc priest (D:3)
  Jessica (D:3)
  Ijyb (D:3)
  Natasha (thrice) (D:2)
  Terence (D:3)
  8 gnolls
  4 adders
  3 worms
  4 dart slugs
  2 orcs (D:3)
  4 ball pythons
  4 endoplasms
  3 giant cockroaches (D:1)
  8 goblins
  4 hobgoblins
  4 jackals (D:1)
  5 quokkas
  5 bats
  A frilled lizard (D:3)
  9 kobolds
  6 rats
91 creatures vanquished.

Notes
Turn   | Place    | Note
-------+----------+-------------------------------------------
     0 | D:1      | Woods the Gargoyle Fighter began the quest for the Orb.
     0 | D:1      | Reached XP level 1. HP: 14/14 MP: 1/1
   257 | D:1      | Reached XP level 2. HP: 19/19 MP: 2/2
   373 | D:1      | Found Tesarac's Jewellery Emporium.
   392 | D:1      | Found a faded altar of an unknown god.
   399 | D:1      | Got Plato's Handbook of Execration
   404 | D:1      | Reached skill level 3 in Maces & Flails
   551 | D:1      | Reached XP level 3. HP: 21/23 MP: 3/3
   904 | D:2      | Noticed Natasha
   976 | D:2      | Reached skill level 4 in Maces & Flails
   979 | D:2      | Reached XP level 4. HP: 13/28 MP: 4/4
  1270 | D:2      | Killed Natasha
  1455 | D:2      | Noticed Natasha
  1488 | D:2      | Killed Natasha
  1489 | D:2      | Reached skill level 5 in Maces & Flails
  1489 | D:2      | Reached XP level 5. HP: 22/32 MP: 5/5
  1503 | D:2      | Noticed Natasha
  1510 | D:2      | Killed Natasha
  2299 | D:3      | Found a sacrificial altar of Ru.
  2317 | D:3      | Noticed Terence
  2332 | D:3      | Killed Terence
  2333 | D:3      | Reached skill level 6 in Maces & Flails
  2333 | D:3      | Reached XP level 6. HP: 13/37 MP: 6/6
  2536 | D:3      | Became a worshipper of Ru the Awakened
  2577 | D:3      | Noticed Grinder
  2592 | D:3      | Killed Grinder
  2593 | D:3      | Reached skill level 7 in Maces & Flails
  2731 | D:3      | Found Qeruar Geakk's Book Shop.
  2756 | D:3      | Noticed Jessica
  2764 | D:3      | Killed Jessica
  2765 | D:3      | Reached XP level 7. HP: 38/41 MP: 7/7
  3009 | D:3      | Noticed Ijyb
  3036 | D:3      | Killed Ijyb
  3454 | D:4      | Noticed Eustachio
  4730 | D:4      | Reached skill level 8 in Maces & Flails
  4913 | D:4      | Gained mutation: You cannot study or use magical devices.
                  | [Ru sacrifice]
  4913 | D:4      | Reached * piety under Ru
  4913 | D:4      | Reached ** piety under Ru
  5935 | D:4      | Noticed a hornet
  5958 | D:4      | Killed a hornet
  5959 | D:4      | Reached skill level 9 in Maces & Flails
  5959 | D:4      | Reached XP level 8. HP: 18/46 MP: 8/8
  6314 | D:4      | Found an opulent altar of Gozag.
  6387 | D:4      | Killed Eustachio
  6444 | D:4      | Noticed Duvessa
  6444 | D:4      | Noticed Dowan
  6465 | D:4      | Killed Duvessa
  6465 | D:4      | HP: 2/46 [Dowan/shard of ice (17)]
  6466 | D:4      | Reached skill level 10 in Maces & Flails
  6473 | D:4      | Killed from afar by Dowan

Illustrated notes

Levels and vault maps discovered:
D:1:      nagdon_arrival_zigzag_paths, layout_basic,
          shapermc_ecumenical_altar_rom_forum, serial_shops, nicolae_shop_trees
D:2:      layout_rooms, uniq_natasha
D:3:      layout_loops_ring, mainiacjoe_overflow_surrounded_room, serial_shops,
          nicolae_shop_hallway_plus, uniq_jessica, uniq_grinder, uniq_ijyb,
          uniq_terence
D:4:      layout_layer_cave, lemuel_coloured_pillars_altar, uniq_eustachio,
          uniq_duvessa

Skill      XL: |  1  2  3  4  5  6  7  8 |
---------------+-------------------------+-----
Maces & Flails | 3 4 5 6 7 9 10 | 10.2
Fighting       | |  3.3
Armour         | |  3.3
Shields        | |  3.3

Action                   |  1- 3 |  4- 6 |  7- 9 || total
-------------------------+-------+-------+-------++-------
Melee: Flail             |   108 |    93 |   215 ||   416
       Unarmed           |       |     6 |     1 ||     7
Invok: Sacrifice Artific |       |       |     1 ||     1
  Use: Potion            |       |     2 |     3 ||     5
       Scroll            |       |       |     2 ||     2
 Stab: Invisible         |       |       |     1 ||     1
Armor: Scale mail        |    56 |    43 |    83 ||   182
       Skin              |       |       |     3 ||     3
Dodge: Dodged            |    61 |    35 |    66 ||   162
Block: Buckler           |    15 |    20 |    31 ||    66
